 Dungeon Crawl Stone Soup version 0.24-a0-92-g7d8ec57 (console) character file.

Game seed: 17942471615197869927

67 Duffy the Ruffian (level 3, -3/28 HPs)
             Began as a Draconian Transmuter on Feb 9, 2019.
             Slain by a worker ant zombie (5 damage)
             ... on level 4 of the Dungeon.
             The game lasted 00:01:40 (1273 turns).

Duffy the Ruffian (Draconian Transmuter)            Turns: 1273, Time: 00:01:41

Health: -3/28      AC:  5    Str: 12    XL:     3   Next: 98%
Magic:  6/6        EV: 12    Int: 14    God:
Gold:   25         SH:  0    Dex: 11    Spells: 0/6 levels left

rFire    . . .     SeeInvis .   e - +2 dagger (venom)
rCold    . . .     Gourm    .   (no shield)
rNeg     . . .     Faith    .   (armour unavailable)
rPois    .         Spirit   .   (helmet restricted)
rElec    .         Reflect  .   (no cloak)
rCorr    .         Harm     .   (no gloves)
MR       .....                  (no boots)
Stlth    +.........             (no amulet)
HPRegen  0.09/turn              (no ring)
MPRegen  0.10/turn              (no ring)

@: no status effects
A: unfitting armour, cold-blooded, AC +5
a: no special abilities


You were on level 4 of the Dungeon.
You were not hungry.

You visited 1 branch of the dungeon, and saw 4 of its levels.

You collected 25 gold pieces.

Inventory:

Hand Weapons
 e - a +2 dagger of venom (weapon)
Missiles
 a - 12 arrows
Potions
 d - a potion of agility {unknown}
 f - a potion of flight {unknown}
Comestibles
 b - a chunk of flesh
 c - 5 rations


   Skills:
 - Level 1.1 Fighting
 - Level 1.7 Dodging
 + Level 4.0 Unarmed Combat
 + Level 2.0 Spellcasting
 + Level 3.2 Transmutations
 + Level 0.3 Poison Magic


You couldn't memorise any spells.
You knew the following spells:

 Your Spells              Type           Power        Failure   Level  Hunger
h - Spider Form           Tmut/Pois      #.........   34%         3    ####...
j - Sticks to Snakes      Tmut           ##......     10%         2    ###....
k - Beastly Appendage     Tmut           ##....       6%          1    ##.....

Your spell library contained the following spells:

 Spells                   Type           Power        Failure   Level  Hunger
 Ice Form                 Ice/Tmut       #.......     77%         4    #####..
 Blade Hands              Tmut           ##........   86%         5    ######.


Dungeon Overview and Level Annotations

Branches:
Dungeon (4/15)
 Temple: D:4-7

Altars:
Makhleb


Innate Abilities, Weirdness & Mutations

Your plain brown scales are hard. (AC +5)
You cannot fit into any form of body armour.
You are cold-blooded and may be slowed by cold attacks.


Message History

The worker ant zombie misses you.
You barely miss the worker ant zombie.
The worker ant zombie is heavily damaged.
The worker ant zombie bites you but does no damage.
You hit the worker ant zombie.
The worker ant zombie is severely damaged.
The worker ant zombie closely misses you.
You hit the worker ant zombie.
The worker ant zombie is severely damaged.
The worker ant zombie bites you.
You hit the worker ant zombie but do no damage.
The worker ant zombie is severely damaged.
The worker ant zombie bites you.
You hit the worker ant zombie.
The worker ant zombie is almost destroyed.
The worker ant zombie bites you.
You hit the worker ant zombie but do no damage.
The worker ant zombie is almost destroyed.
The worker ant zombie bites you.
You die...

### #.. #.#
#.#
#####.#####
#.....Z@..#
#######.#.###
.......<#.#
...###.Z#.#
#..#.# #.Z#.#
.......
.........
##.......#


You could see a worker ant zombie.

Vanquished Creatures
  A hound (D:2)
  A worker ant zombie (D:4)
  An ooze (D:2)
  A dart slug (D:1)
  A leopard gecko (D:3)
  A bat (D:1)
  2 giant cockroaches (D:1)
  2 goblins (D:1)
  3 hobgoblins (D:1)
  2 frilled lizards (D:1)
  2 kobolds (D:1)
  2 rats (D:1)
19 creatures vanquished.

Notes
Turn   | Place    | Note
-------+----------+-------------------------------------------
     0 | D:1      | Duffy the Draconian Transmuter began the quest for the Orb.
     0 | D:1      | Reached XP level 1. HP: 16/16 MP: 3/3
   349 | D:1      | Reached XP level 2. HP: 14/23 MP: 5/5
  1022 | D:2      | Found a burning altar of Makhleb.
  1032 | D:2      | Reached XP level 3. HP: 14/28 MP: 6/6
  1036 | D:2      | Learned a level 2 spell: Sticks to Snakes
  1040 | D:2      | Learned a level 3 spell: Spider Form
  1259 | D:4      | Reached skill level 4 in Unarmed Combat
  1273 | D:4      | Slain by a worker ant zombie

Levels and vault maps discovered:
D:1:      psy_arrival_statuary, layout_rooms, chequers_serial_rivers_small_a
D:2:      layout_basic, makhleb_blood_cavern_becter, old_standard_altar,
          serial_bayou_ford_a
D:3:      layout_basic, xom_butterflies, gammafunk_ghost_nasty_kobolds,
          first_ration, uniq_natasha, uniq_jessica
D:4:      layout_basic, old_standard_altar, nicolae_overflow_hidden_temple,
          serial_undead, serial_undead_b, serial_undead_e, serial_undead_a,
          serial_undead_d, serial_undead_f, serial_undead_a

Skill      XL: |  1  2  3 |
---------------+----------+-----
Transmutations | 3 |  3.2
Unarmed Combat | 4 |  4.0
Fighting       | |  1.1
Dodging        | |  1.7
Spellcasting   | |  2.0
Poison Magic   | |  0.3

Action                   || total
-------------------------++-------
Melee: Unarmed           ||    51
       Dagger            ||    37
       Tailslap          ||    10
       Punch             ||     1
 Stab: Sleeping          ||     1
  Eat: Chunk             ||     1
Armor: Skin              ||    25
Dodge: Dodged            ||    42

Table legend:
 A = Non-vault XP
 B = Vault XP
 C = Vault XP percentage of total XP
 D = Non-vault monster count
 E = Vault monster count
 F = Vault count percentage of total count
                 A         B        C        D         E       F
            +---------+---------+-------+---------+---------+-------
      Total |      37 |      59 |  61.5 |      17 |       2 |  10.5
            +---------+---------+-------+---------+---------+-------
        D:1 |      27 |       0 |   0.0 |      15 |       0 |   0.0
        D:2 |       7 |      43 |  86.0 |       1 |       1 |  50.0
        D:3 |       3 |       0 |   0.0 |       1 |       0 |   0.0
        D:4 |       0 |      16 | 100.0 |       0 |       1 | 100.0
            +---------+---------+-------+---------+---------+-------
